 Dungeon Crawl Stone Soup version 0.25-a0-353-ged6d547 (webtiles) character file.

Game seed: 4141911594790701713, levelgen mode: deterministic

2921 Blackhawk the Skirmisher (level 9, -5/71 HPs)
             Began as a Demonspawn Gladiator on Jan 1, 2020.
             Was a Priest of Okawaru.
             Collided with a rock wall (16 damage)
             ... caused by Erica
             ... on level 8 of the Dungeon.
             The game lasted 00:21:36 (9548 turns).

Blackhawk the Skirmisher (Demonspawn Gladiator)     Turns: 9548, Time: 00:21:37

Health: -5/71      AC: 13    Str: 15    XL:     9   Next: 50%
Magic:  9/9        EV:  7    Int: 14    God:    Okawaru [***...]
Gold:   446        SH:  0    Dex: 16    Spells: 8/8 levels left

rFire    . . .     SeeInvis .   b - +1 whip (venom)
rCold    + . .     Gourm    .   K - +0 shield
rNeg     . . .     Faith    .   w - +0 chain mail
rPois    .         Spirit   .   D - +1 hat {Int+3}
rElec    .         Reflect  .   (no cloak)
rCorr    .         Harm     .   (no gloves)
MR       .....                  N - +1 pair of boots
Stlth    ..........             n - amulet of rage
HPRegen  0.21/turn              E - ring of ice
MPRegen  0.11/turn              (no ring)

@: confused, lethally poisoned (-5 -> -7), lightly drained
A: claws 1, clever 1, demonic guardian 2, deterioration 1, fire resistance 1,
spiny 1, weak 1
a: Heroism, Renounce Religion, Evoke Berserk Rage


You were on level 8 of the Dungeon.
You worshipped Okawaru.
Okawaru was most pleased with you.
You were not hungry.

You visited 2 branches of the dungeon, and saw 9 of its levels.

You collected 446 gold pieces.

Inventory:

Hand Weapons
 a - a +0 war axe
 b - a +1 whip of venom (weapon)
Missiles
 d - 6 throwing nets
 j - 33 poisoned darts (quivered)
Armour
 w - a +0 chain mail (worn)
 D - a +1 hat of intelligence (worn)
 K - a +0 shield (worn)
 N - a +1 pair of boots (worn)
Jewellery
 n - an amulet of rage (around neck)
 E - a ring of ice (left claw)
Wands
 c - a wand of disintegration (12)
 q - a wand of enslavement (4)
 r - a wand of paralysis (3)
 A - a wand of polymorph (7)
 J - a wand of random effects (13)
Scrolls
 e - a scroll of amnesia {unknown}
 g - 3 scrolls of magic mapping {unknown}
 h - 4 scrolls of enchant armour {unknown}
 k - 2 scrolls of noise {unknown}
 l - a scroll of fear {unknown}
 m - 4 scrolls of teleportation {unknown}
 o - a scroll of blinking {unknown}
 p - a scroll of immolation {unknown}
 t - a scroll of remove curse {unknown}
 B - a scroll of fog {unknown}
 C - a scroll of random uselessness {unknown}
 G - a scroll of enchant weapon {unknown}
 I - a scroll of brand weapon {unknown}
Potions
 i - 4 potions of agility
 s - 3 potions of curing
 u - a potion of flight
 v - 2 potions of brilliance
 x - a potion of heal wounds {unknown}
 z - a potion of resistance {unknown}
 F - a potion of mutation
 M - a potion of berserk rage {unknown}
 P - a potion of lignification {unknown}
Comestibles
 f - 19 rations


   Skills:
 + Level 6.9(6.6) Fighting
 + Level 6.6(6.3) Axes
 - Level 2.5(2.3) Throwing
 + Level 5.5(5.3) Armour
 + Level 6.6(6.4) Dodging


You had 8 spell levels left.
You didn't know any spells.
Your spell library was empty.

Dungeon Overview and Level Annotations

Branches:
Dungeon (8/15)             Temple (1/1) D:4
   Lair: D:8-11

Altars:
Cheibriados
Elyvilon
Fedhas
Gozag
Hepliaklqana
Kikubaaqudgha
Nemelex Xobeh
Okawaru
Sif Muna
Yredelemnul
The Shining One

Shops:
D:4 =

Annotations:
D:8 Erica


Innate Abilities, Weirdness & Mutations

You have sharp fingernails.
A demonic guardian rushes to your aid.
You are partially covered in sharp spines.
Your mind is acute. (Int +2)
Your body sometimes deteriorates upon taking damage.
Your flesh is heat resistant. (rF+)
You are weak. (Str -2)


Message History

Okay, then.
It was a potion of mutation.
You feel extremely strange.
You feel yourself wasting away.
You feel weaker.
You feel resistant to heat.
You feel clever.
You feel sick. Something hits you.
* * * LOW HITPOINT WARNING * * *
Something burns you.
* * * LOW HITPOINT WARNING * * *
It was a potion of ambrosia.
You are more confused.
You feel invigorated.
Okay, then.
You feel sick.
You hear some strange, mumbled words.
A lance of force appears from out of thin air!
The lance of force hits you!
* * * LOW HITPOINT WARNING * * *
You are knocked back by the lance of force.
You slam into the rock wall!
You die...

##.##.#
..........##
..........# # ##
.........# .#.#.
........# .
......
#.........#
#...###.....#....
#....@..รท(..#
##.....3...###
#......{<#.#
......###..###
.....# ##.# #....
.... #... #......
##. #....>... #.
#........


You could see a friendly smoke demon.

Vanquished Creatures
  Grum (D:7)
  Duvessa (D:7)
  A black bear (D:6)
  2 sky beasts (D:5)
  A necrophage (D:6)
  A wolf (D:8)
  2 ogres
  A centaur (D:7)
  A bullfrog (D:5)
  2 gnoll sergeants (D:7)
  Dowan (D:7)
  A wight (D:7)
  2 electric eels (D:7)
  2 howler monkeys (D:7)
  A centaur zombie (D:5)
  3 crimson imps
  4 bullfrog skeletons
  2 jellies
  2 centaur skeletons
  4 orc wizards
  6 worker ants
  A killer bee zombie (D:7)
  A howler monkey zombie (D:7)
  2 howler monkey skeletons
  6 gnolls
  4 adders
  2 oozes (D:1)
  2 worms
  A dart slug (D:2)
  35 orcs
  8 giant cockroaches
  3 goblins
  8 hobgoblins
  3 jackals (D:2)
  10 kobolds
  5 quokkas
  A ball python (D:4)
  7 bats
  5 frilled lizards
  A leopard gecko zombie (D:5)
  A quokka skeleton (D:7)
  7 rats
154 creatures vanquished.

Vanquished Creatures (collateral kills)
  A centaur skeleton (D:7)
  An orc warrior (D:7)
  An ogre (D:7)
  3 wolves (D:8)
  A gnoll sergeant (D:7)
  A crimson imp (D:7)
  A gnoll shaman (D:7)
  An orc priest (D:7)
  3 hounds (D:7)
  3 orc wizards (D:7)
  5 hobgoblins (D:7)
  3 kobolds (D:7)
  A quokka zombie (D:8)
25 creatures vanquished.

Vanquished Creatures (others)
  An orc priest (D:7)
  A gnoll (D:7)
  A hobgoblin (D:7)
  8 plants
11 creatures vanquished.

Grand Total: 190 creatures vanquished

Notes
Turn   | Place    | Note
-------+----------+-------------------------------------------
     0 | D:1      | Blackhawk the Demonspawn Gladiator began the quest for the
                  | Orb.
     0 | D:1      | Reached XP level 1. HP: 16/16 MP: 1/1
    95 | D:1      | Gained mutation: You have sharp fingernails. [demonic
                  | ancestry]
    95 | D:1      | Reached XP level 2. HP: 22/22 MP: 2/2
   935 | D:2      | Reached XP level 3. HP: 23/28 MP: 3/3
  1083 | D:2      | HP: 1/28 [poisoned by an adder]
  1387 | D:2      | Noticed a killer bee
  1738 | D:2      | Gained mutation: You are partially covered in sharp spines.
                  | [demonic ancestry]
  1738 | D:2      | Reached XP level 4. HP: 26/34 MP: 4/4
  3344 | D:3      | Reached XP level 5. HP: 41/41 MP: 5/5
  3649 | D:3      | Reached skill level 1 in Armour
  4061 | D:4      | HP: 2/41 [crimson imp (3)]
  4066 | D:4      | Reached XP level 6. HP: 2/47 MP: 6/6
  4477 | D:4      | Found a staircase to the Ecumenical Temple.
  4489 | Temple   | Entered the Ecumenical Temple
  4670 | Temple   | Became a worshipper of Warmaster Okawaru
  4893 | D:4      | Found Budyugia's Jewellery Emporium.
  5229 | D:5      | Entered Level 5 of the Dungeon
  5321 | D:5      | Noticed a sky beast
  5339 | D:5      | Killed a sky beast
  5339 | D:5      | Reached XP level 7. HP: 23/54 MP: 7/7
  5558 | D:5      | Reached * piety under Okawaru
  5974 | D:6      | Found a blossoming altar of Fedhas.
  6351 | D:6      | Reached skill level 5 in Dodging
  6351 | D:6      | Gained mutation: A weak demonic guardian rushes to your
                  | aid. [demonic ancestry]
  6351 | D:6      | Reached XP level 8. HP: 47/61 MP: 8/8
  6426 | D:6      | Reached skill level 5 in Fighting
  6426 | D:6      | Reached skill level 5 in Axes
  6766 | D:6      | Found a blossoming altar of Fedhas.
  6982 | D:7      | Reached ** piety under Okawaru
  7420 | D:7      | Noticed Duvessa
  7423 | D:7      | Noticed Dowan
  7439 | D:7      | Killed Duvessa
  7460 | D:7      | Killed Dowan
  7461 | D:7      | Gained mutation: A demonic guardian rushes to your aid.
                  | [demonic ancestry]
  7461 | D:7      | Reached XP level 9. HP: 22/69 MP: 9/9
  7772 | D:7      | Reached *** piety under Okawaru
  8070 | D:7      | Found a glowing golden altar of the Shining One.
  8286 | D:7      | Received a gift from Okawaru
  8286 | D:7      | Reached skill level 5 in Armour
  9240 | D:8      | Noticed Grum
  9245 | D:8      | Noticed Erica
  9254 | D:7      | Killed Grum
  9546 | D:8      | Gained mutation: Your body sometimes deteriorates upon
                  | taking damage. [potion of mutation]
  9546 | D:8      | Gained mutation: You are weak. (Str -2) [potion of
                  | mutation]
  9546 | D:8      | Gained mutation: Your flesh is heat resistant. (rF+)
                  | [potion of mutation]
  9546 | D:8      | Gained mutation: Your mind is acute. (Int +2) [potion of
                  | mutation]
  9548 | D:8      | Collided with a rock wall

Levels and vault maps discovered:
D:1:      co_arrival_square_in_a_square_in_a_square, layout_basic,
          minmay_misc_feat_alley, roderic_lattice_a,
          hangedman_decor_peaks_small, moated_statue, minmay_domino_2
D:2:      layout_loops_corners, roderic_roman_lattice, lightli_corner_chamber
D:3:      layout_basic
D:4:      layout_gridville, minmay_temple_entry_mini_moons, first_ration,
          serial_shops, shop
D:5:      layout_rooms
D:6:      layout_cave_pools, nicolae_overflow_hidden_temple,
          fedhas_altar_decomposition
D:7:      kennysheep_housing_project, layout_cave_pools, tso_oasis_becter,
          serial_bayou_lagoon_a, grunt_ogre_cave, uniq_duvessa
D:8:      layout_cave_pools, grunt_temple_overflow_order_and_chaos_2,
          lemuel_oklob_altar, uniq_grum, uniq_harold, uniq_erica
Temple:   jpeg_temple_island

Skill      XL: |  1  2  3  4  5  6  7  8  9 |
---------------+----------------------------+-----
Throwing       | 2 |  2.5
Dodging        | 3 4 5 6 |  6.6
Axes           | 3 4 6 |  6.6
Fighting       | 3 4 6 |  6.9
Armour         | 1 2 3 4 5 |  5.5

Action                   |  1- 3 |  4- 6 |  7- 9 || total
-------------------------+-------+-------+-------++-------
Melee: War axe           |    81 |    77 |    11 ||   169
       Whip              |       |    88 |   213 ||   301
Throw: Dart              |       |       |     2 ||     2
Invok: Heroism           |       |       |     1 ||     1
Evoke: Wand              |       |       |    11 ||    11
  Use: Scroll            |       |       |     5 ||     5
       Potion            |       |       |     3 ||     3
 Stab: Sleeping          |     1 |       |       ||     1
       Distracted        |       |       |     1 ||     1
  Eat: Chunk             |     3 |    10 |    11 ||    24
       Ration            |       |       |     1 ||     1
Armor: Leather armour    |    18 |     3 |       ||    21
       Chain mail        |       |    77 |   122 ||   199
Dodge: Dodged            |    65 |    76 |   109 ||   250
Block: Shield            |       |       |     9 ||     9

Table legend:
 A = Non-vault XP
 B = Vault XP
 C = Vault XP percentage of total XP
 D = Non-vault monster count
 E = Vault monster count
 F = Vault count percentage of total count
                 A         B        C        D         E       F
            +---------+---------+-------+---------+---------+-------
      Total |    2893 |    1280 |  30.7 |     143 |      36 |  20.1
            +---------+---------+-------+---------+---------+-------
        D:1 |      31 |       3 |   8.8 |      12 |       2 |  14.3
        D:2 |      91 |       0 |   0.0 |      24 |       0 |   0.0
        D:3 |     159 |       0 |   0.0 |      28 |       0 |   0.0
        D:4 |     324 |       0 |   0.0 |      15 |       0 |   0.0
        D:5 |     645 |       0 |   0.0 |      14 |       0 |   0.0
        D:6 |     455 |       0 |   0.0 |      14 |       0 |   0.0
        D:7 |    1184 |     927 |  43.9 |      34 |      30 |  46.9
        D:8 |       1 |     350 |  99.7 |       1 |       4 |  80.0
     Temple |       3 |       0 |   0.0 |       1 |       0 |   0.0
            +---------+---------+-------+---------+---------+-------
